 Dungeon Crawl Stone Soup version 0.22-a0-482-g76e0a5f (webtiles) character file.

74580 xccam the Peltast (level 15, 0/180 HPs)
             Began as a Merfolk Gladiator on June 17, 2018.
             Was an Initiate of Gozag.
             Killed by mirror damage (10 damage)
             ... on level 12 of the Dungeon.
             The game lasted 00:57:48 (23832 turns).

xccam the Peltast (Merfolk Gladiator)              Turns: 23832, Time: 00:57:49

Health: 0/180      AC: 23    Str: 23    XL:     15   Next: 47%
Magic:  21/21      EV: 24    Int:  8    God:    Gozag
Gold:   5550       SH: 18    Dex: 28    Spells: 14/14 levels left

rFire    + . .     SeeInvis +   a - +0 trident
rCold    + + .     Gourm    .   N - +2 shield
rNeg     + . .     Faith    .   K - +5 scale mail of Biuk {*Drain rC+ Dex+7}
rPois    +         Spirit   .   t - +2 helmet
rElec    .         Reflect  .   b - scarf {rC+ rF+}
rCorr    .         Harm     .   o - +2 pair of gloves
MR       +....                  L - +2 pair of boots {Fly}
Stlth    ..........             E - amulet of regeneration
HPRegen  0.80/turn              v - ring "Jisulige" {rN+ Dex+3 SInv}
MPRegen  0.17/turn              D - ring of poison resistance

@: berserking (expiring), flayed, slowed
A: change form in water, swift swim, stealthy swim
a: Potion Petition, Call Merchant, Bribe Branch, Renounce Religion, Evoke Flight


You were on level 12 of the Dungeon.
You worshipped Gozag.
Gozag was greatly pleased with you.
You were very hungry.

You visited 2 branches of the dungeon, and saw 18 of its levels.
You also visited: Sewer, Ossuary, Ice Cave and Volcano.

You collected 6843 gold pieces.
You spent 1293 gold pieces at shops.

Inventory:

Hand Weapons
 a - a +0 trident (weapon)
Armour
 b - a scarf of resistance (worn)
 o - a +2 pair of gloves (worn)
 t - a +2 helmet (worn)
 K - the +5 scale mail of Biuk (worn) {*Drain rC+ Dex+7}
   (You bought it in a shop on level 8 of the Dungeon)

   It affects your dexterity (+7).
   It protects you from cold.
   It causes draining when unequipped.
 L - a +2 pair of boots of flying (worn)
 M - the +1 troll leather armour of Boredom {Regen+ Dex+5}
   (You bought it in a shop on level 8 of the Dungeon)

   It affects your dexterity (+5).
   It increases your rate of regeneration.
 N - a +2 shield (worn)
Jewellery
 v - the ring "Jisulige" (left hand) {rN+ Dex+3 SInv}
   (You found it on level 6 of the Lair of Beasts)

   [ring of see invisible]

   It affects your dexterity (+3).
   It protects you from negative energy.
   It lets you see invisible.
 D - a ring of poison resistance (right hand)
 E - an amulet of regeneration (around neck)
 J - an uncursed ring of see invisible
 S - an uncursed ring of resist corrosion
 V - an uncursed ring of ice
 Z - an uncursed ring of fire
Wands
 c - a wand of enslavement (1)
 j - a wand of polymorph (24)
 w - a wand of flame (49)
 B - a wand of paralysis (11)
 F - a wand of acid (1)
 T - a wand of random effects (72)
 X - a wand of disintegration (25)
Scrolls
 e - 9 scrolls of fog
 i - 5 scrolls of enchant weapon
 k - a scroll of immolation
 l - 2 scrolls of fear
 p - 5 scrolls of teleportation
 r - 2 scrolls of blinking
 y - 7 scrolls of amnesia
 A - a scroll of enchant armour
 C - 2 scrolls of remove curse
 G - a scroll of acquirement {unknown}
 H - 2 scrolls of identify
 I - a scroll of holy word {unknown}
 U - a scroll of torment {unknown}
Potions
 d - 2 potions of resistance
 g - a potion of cancellation
 h - 3 potions of heal wounds
 m - 4 potions of curing
 q - 2 potions of agility
 s - 6 potions of magic
 u - 6 potions of brilliance
 x - a potion of haste
 z - 5 potions of lignification
 O - a potion of flight {unknown}
 R - a potion of ambrosia {unknown}
Miscellaneous
 n - a phantom mirror
Comestibles
 f - 16 rations


   Skills:
 + Level 11.8 Fighting
 - Level 14.0 Polearms
 - Level 2.0 Throwing
 + Level 8.4 Armour
 + Level 14.0 Dodging
 - Level 15.0 Shields
 - Level 8.0 Evocations


You had 14 spell levels left.
You didn't know any spells.
Your spell library contained the following spells:

 Spells                   Type           Power        Failure   Level  Hunger
 Apportation              Tloc           #.....       67%         1    ##.....
 Lightning Bolt           Conj/Air       #.........   100%        5    ######.
 Bolt of Magma            Conj/Fire/Erth #.........   100%        5    ######.
 Confuse                  Hex            #.......     96%         3    ####...
 Venom Bolt               Conj/Pois      #.........   100%        5    ######.
 Summon Small Mammal      Summ           #...         67%         1    ##.....
 Animate Skeleton         Necr           N/A          67%         1    ##.....
 Summon Ice Beast         Ice/Summ       #.......     100%        4    #####..
 Call Imp                 Summ           #.......     82%         2    ###....
 Tukima's Dance           Hex            #.......     96%         3    ####...
 Iron Shot                Conj/Erth      #.........   100%        6    #######
 Shock                    Conj/Air       #...         67%         1    ##.....
 Swiftness                Chrm/Air       #.......     82%         2    ###....
 Airstrike                Air            #.........   100%        4    #####..
 Confusing Touch          Hex            #.....       67%         1    ##.....
 Call Canine Familiar     Summ           #.......     96%         3    ####...
 Ensorcelled Hibernation  Hex/Ice        #.....       82%         2    ###....
 Metabolic Englaciation   Hex/Ice        #.........   100%        5    ######.
 Static Discharge         Conj/Air       #.......     96%         3    ####...
 Corona                   Hex            #......      67%         1    ##.....
 Petrify                  Tmut/Erth      #.......     100%        4    #####..
 Orb of Destruction       Conj           #.........   100%        7    #######
 Iskenderun's Battlesphe  Conj/Chrm      #.......     100%        5    ######.
 Dazzling Spray           Conj/Hex       #.....       96%         3    ####...
 Summon Lightning Spire   Summ/Air       #.......     100%        4    #####..
 Summon Guardian Golem    Hex/Summ       #.......     96%         3    ####...
 Spellforged Servitor     Conj/Summ      #.........   100%        7    #######
 Gell's Gravitas          Tloc           #.........   96%         3    ####...
 Yara's Violent Unravell  Hex/Tmut       #.........   100%        5    ######.


Dungeon Overview and Level Annotations

Branches:
Dungeon (12/15)            Temple (0/1) D:5            Lair (6/6) D:9
 Shoals (0/4) Lair:4        Snake (0/4) Lair:4        Slime (0/5) Lair:6
    Orc (0/2) D:12

Altars:
Dithmenos
Elyvilon
Gozag
Makhleb
Uskayaw
Vehumet
Xom
Jiyva

Shops:
D:4 !   D:7 }   D:8 [

Annotations:
D:5 1 runed door


Message History

The death knight calls down the wrath of Yredelemnul upon you.
Your body is wracked with pain!
* * * LOW HITPOINT WARNING * * *
You puncture the death knight!
The death knight is severely wounded.
The death knight reflects your damage back at you!
* * * LOW HITPOINT WARNING * * *
Unknown command.
You puncture the death knight!
The death knight is severely wounded.
The death knight reflects your damage back at you!
* * * LOW HITPOINT WARNING * * *
You block the death knight's attack.
The flayed ghost cries, "Feel what I felt!"
Unknown command.
You puncture the death knight!
The death knight is almost dead.
The death knight reflects your damage back at you!
You die...
Your body crumbles into a pile of gold.

).(....(..##.#.....#..#.###..#...
.......)>....................#...
########(.............#.######...
####(##########...#.# ##....
#####(###########..#.# #..8.. ###
#.(.# ..(#####.#.# ......
######.#####.# $###.#.# #... #
#.##)##.##.##.###....# #...
#..(......Wp@.######..####...
#.##.##.##.##$#######....####
#.##.#####.# ## ###.......
###...# ... $ $ #.#....< #####
##W## #....# #.# $ #....) ... $
##...# #.# #..... $# #....#


You could see a death knight and a flayed ghost.

Vanquished Creatures
  Kirke (Lair:4)
  Josephine (Lair:4)
  Fannar (Lair:1)
  3 catoblepae
  An ice dragon (Lair:6)
  6 hydras
  6 two-headed ogres
  A centaur warrior (D:12)
  15 death yaks
  7 skeletal warriors
  An anaconda skeleton (Volcano)
  A deep elf archer (D:12)
  2 lindwurms (Lair:6)
  3 oklob plants (Lair:4)
  A cyclops (D:12)
  2 manticores (Lair:6)
  18 elephants
  4 black mambas
  2 ice statues (IceCv)
  5 torpor snails (Lair:6)
  4 gargoyles
  11 spiny frogs
  2 rime drakes
  8 komodo dragons
  7 ice devils (IceCv)
  Grinder (D:3)
  A harpy skeleton (Volcano)
  3 tyrant leeches (Lair:6)
  7 hornets (Lair:6)
  A polar bear (Lair:6)
  Prince Ribbit (D:7)
  A snapping turtle (Lair:4)
  11 dream sheep
  12 blink frogs
  10 hippogriffs
  2 flying skulls (Volcano)
  7 orc warriors
  5 wraiths
  4 wyverns
  2 basilisks
  18 yaks
  A hog (Lair:4)
  3 hungry ghosts
  2 vampire mosquitoes (D:12)
  Edmund (D:6)
  3 two-headed ogre zombies (D:12)
  6 nagas (Lair:4)
  An acid dragon (D:11)
  9 water moccasins
  15 porcupines
  An ice beast (D:4)
  2 sky beasts
  6 ogres
  2 necrophages
  3 phantoms
  5 wolves
  3 centaurs
  9 crocodiles
  7 big kobolds
  9 bullfrogs
  2 gnoll sergeants
  2 scorpions
  A troll skeleton (Volcano)
  4 killer bees (D:12)
  2 spriggan skeletons (Volcano)
  20 wights
  5 howler monkeys
  2 electric eels (Lair:2)
  4 jellies
  8 crimson imps
  4 centaur zombies
  3 hounds
  A quasit (D:11)
  9 orc priests
  A human zombie (Ossuary)
  16 orc wizards
  A centaur skeleton (D:7)
  A bullfrog skeleton (D:11)
  Natasha (thrice) (D:3)
  Terence (D:3)
  4 iguanas
  Ijyb (D:3)
  9 worker ants
  8 ogre zombies
  A big kobold zombie (Ossuary)
  7 mummies (Ossuary)
  A hound zombie (D:10)
  3 hound skeletons
  3 howler monkey zombies
  2 worker ant zombies
  Robin (D:4)
  9 gnolls
  A howler monkey skeleton (D:6)
  11 adders
  6 river rats
  5 shadow imps
  5 white imps (IceCv)
  10 ufetubi (IceCv)
  2 oozes (Sewer)
  An adder skeleton (D:4)
  7 adder zombies
  6 worms
  2 dart slugs
  9 leopard geckos
  32 orcs
  9 ball pythons
  8 giant cockroaches
  A gnoll zombie (Ossuary)
  13 goblins
  5 hobgoblins
  7 jackals
  15 kobolds
  6 quokkas
  4 bats
  9 frilled lizards
  2 goblin skeletons (D:12)
  6 goblin zombies
  2 hobgoblin skeletons (D:12)
  8 hobgoblin zombies
  A jackal skeleton (D:6)
  A jackal zombie (D:8)
  A kobold zombie (Ossuary)
  A leopard gecko skeleton (D:5)
  4 orc skeletons (D:12)
  13 orc zombies
  2 quokka skeletons
  4 quokka zombies
  36 rats
  4 rat zombies (Ossuary)
  A fungus (Lair:3)
  A plant (Lair:4)
687 creatures vanquished.

Vanquished Creatures (collateral kills)
  A howler monkey (D:8)
  An orc (D:8)
  A jackal skeleton (D:8)
3 creatures vanquished.

Vanquished Creatures (others)
  A reaper (IceCv)
  A spiny frog (Lair:6)
  A flying skull (Volcano)
  5 humans (Lair:4)
  An ogre (D:8)
  A wight (D:8)
  A white imp (IceCv)
  4 ufetubi (IceCv)
  20 fungi
  32 plants
67 creatures vanquished.

Grand Total: 757 creatures vanquished

Notes
Turn   | Place    | Note
-------+----------+-------------------------------------------
     0 | D:1      | xccam the Merfolk Gladiator began the quest for the Orb.
     0 | D:1      | Reached XP level 1. HP: 16/16 MP: 1/1
   129 | D:1      | Reached skill level 5 in Polearms
   138 | D:1      | Reached XP level 2. HP: 21/22 MP: 2/2
   639 | D:1      | Reached XP level 3. HP: 24/27 MP: 3/3
  1694 | D:3      | Noticed Natasha
  1701 | D:3      | Killed Natasha
  1701 | D:3      | Reached XP level 4. HP: 25/33 MP: 4/4
  1722 | D:3      | Noticed Grinder
  1729 | D:3      | Paralysed by Grinder for 6 turns
  1735 | D:3      | Killed Grinder
  1735 | D:3      | Reached XP level 5. HP: 10/38 MP: 5/5
  1735 | D:3      | Reached XP level 6. HP: 12/44 MP: 6/6
  1805 | D:3      | Found a radiant altar of Vehumet.
  1872 | D:3      | Found a glowing drain.
  1892 | Sewer    | Entered a sewer
  1987 | Sewer    | Reached skill level 10 in Polearms
  2231 | Sewer    | Reached skill level 1 in Armour
  2231 | Sewer    | Reached XP level 7. HP: 21/51 MP: 7/7
  2549 | D:3      | Noticed Natasha
  2553 | D:3      | Noticed Ijyb
  2559 | D:3      | Killed Ijyb
  2559 | D:3      | Reached skill level 5 in Dodging
  2564 | D:3      | Killed Natasha
  2591 | D:3      | Found a faded altar of an unknown god.
  2611 | D:3      | Became a worshipper of Gozag Ym Sagoz the Greedy
  2776 | D:3      | Noticed Terence
  2788 | D:3      | Killed Terence
  2811 | D:3      | Noticed Natasha
  2824 | D:3      | Killed Natasha
  3240 | D:4      | Noticed Robin
  3267 | D:4      | Killed Robin
  3442 | D:4      | Reached XP level 8. HP: 60/60 MP: 8/8
  3445 | D:4      | Found Napuang's Distillery.
  3493 | D:4      | Bought a potion of haste for 110 gold pieces
  3493 | D:4      | Bought a potion of heal wounds for 55 gold pieces
  3493 | D:4      | Bought a potion of lignification for 33 gold pieces
  3584 | D:4      | Noticed Eustachio
  3593 | D:4      | Noticed Eustachio
  3593 | D:4      | Eustachio changed into Eustachio the wyvern
  3605 | D:4      | Killed Eustachio the wyvern
  3800 | D:4      | Found a burning altar of Makhleb.
  3936 | D:5      | Entered Level 5 of the Dungeon
  4207 | D:5      | Reached skill level 5 in Fighting
  4724 | D:5      | Found a staircase to the Ecumenical Temple.
  4837 | D:5      | Reached XP level 9. HP: 63/68 MP: 9/9
  5066 | D:5      | Found a runed door.
  5066 | D:5      | Noticed an angel
  5067 | D:5      | Found a white marble altar of Elyvilon.
  5478 | D:6      | Noticed Edmund
  5502 | D:6      | Killed Edmund
  6477 | D:7      | Noticed Prince Ribbit
  6480 | D:7      | Killed Prince Ribbit
  6514 | D:7      | Found Tijexown's Gadget Shoppe.
  7238 | D:8      | Found Zeiklye's Antique Armour Emporium.
  7280 | D:8      | Reached XP level 10. HP: 59/77 MP: 10/10
  7303 | D:8      | Noticed a two-headed ogre
  7330 | D:8      | Killed a two-headed ogre
  7345 | D:8      | Paralysed by a wight for 3 turns
  7429 | D:8      | Bought a blackened scale mail for 270 gold pieces
  7429 | D:8      | Bought a pair of runed boots for 225 gold pieces
  7429 | D:8      | Bought a slimy troll leather armour for 600 gold pieces
  7452 | D:8      | Identified the +1 troll leather armour of Boredom {Regen+ Dex+5} (You bought it in a shop on level 8 of the Dungeon)
  7462 | D:8      | Identified the +5 scale mail of Biuk {*Drain rC+ Dex+7} (You bought it in a shop on level 8 of the Dungeon)
  7491 | D:8      | Found a hide-covered altar of Uskayaw.
  7498 | D:8      | Found a shimmering altar of Xom.
  7555 | D:8      | Found a sand-covered staircase.
  7557 | D:8      | Noticed a two-headed ogre
  7565 | Ossuary  | Entered an ossuary
  8127 | D:8      | Reached skill level 5 in Armour
  8614 | D:8      | Killed a two-headed ogre
  8614 | D:8      | Reached skill level 10 in Dodging
  8946 | D:9      | Found a staircase to the Lair.
  8946 | D:9      | Noticed a death yak
  8946 | D:9      | Noticed a death yak
  8946 | D:9      | Noticed a death yak
  8949 | D:9      | Noticed a two-headed ogre
  9094 | D:9      | Reached skill level 1 in Shields
  9273 | D:9      | Reached skill level 2 in Shields
  9344 | D:9      | Killed a death yak
  9344 | D:9      | Reached skill level 4 in Shields
  9344 | D:9      | Reached XP level 11. HP: 79/86 MP: 11/11
  9352 | D:9      | Killed a death yak
  9352 | D:9      | Reached skill level 5 in Shields
  9367 | D:9      | Killed a death yak
  9367 | D:9      | Reached skill level 6 in Shields
  9378 | D:9      | Killed a two-headed ogre
  9378 | D:9      | Reached skill level 7 in Shields
  9647 | D:9      | Reached skill level 8 in Shields
  9695 | D:9      | Noticed a three-headed hydra
  9709 | D:9      | Killed a three-headed hydra
  9962 | D:10     | Entered Level 10 of the Dungeon
  9970 | D:10     | Reached skill level 9 in Shields
 10355 | D:10     | Noticed a two-headed ogre
 10384 | D:10     | Killed a two-headed ogre
 10384 | D:10     | Reached skill level 10 in Shields
 10765 | D:11     | Noticed a two-headed ogre
 10779 | D:11     | Killed a two-headed ogre
 10779 | D:11     | Reached XP level 12. HP: 81/92 MP: 12/12
 10884 | D:11     | Reached skill level 11 in Shields
 11106 | D:11     | Found a radiant altar of Vehumet.
 11148 | D:11     | Noticed a two-headed ogre
 11166 | D:11     | Killed a two-headed ogre
 11396 | D:11     | Found a shadowy altar of Dithmenos.
 11636 | Lair:1   | Entered Level 1 of the Lair of Beasts
 11683 | Lair:1   | Reached skill level 12 in Shields
 11891 | Lair:1   | Noticed Fannar
 11917 | Lair:1   | Killed Fannar
 12134 | Lair:1   | Noticed a five-headed hydra
 12157 | Lair:1   | Killed a five-headed hydra
 12769 | Lair:2   | Reached skill level 13 in Shields
 12781 | Lair:2   | Noticed an eight-headed hydra
 12798 | Lair:2   | Killed an eight-headed hydra
 13048 | Lair:2   | Reached skill level 1 in Evocations
 14129 | Lair:3   | Reached XP level 13. HP: 65/98 MP: 15/15
 14693 | Lair:4   | Reached skill level 14 in Shields
 14712 | Lair:4   | Reached skill level 5 in Evocations
 14771 | Lair:4   | Found a staircase to the Snake Pit.
 14838 | Lair:4   | Noticed Kirke
 14863 | Lair:4   | Killed Kirke
 14864 | Lair:4   | Noticed Josephine
 14889 | Lair:4   | Killed Josephine
 15053 | Lair:4   | HP: 4/98 [death yak (13)]
 15181 | Lair:4   | Found a dark tunnel.
 15190 | Volcano  | Entered a volcano
 16801 | Lair:4   | Reached skill level 15 in Shields
 17073 | Lair:4   | Found a staircase to the Shoals.
 17622 | Lair:4   | Reached XP level 14. HP: 103/106 MP: 20/20
 18589 | Lair:6   | Entered Level 6 of the Lair of Beasts
 18634 | Lair:6   | Found a frozen archway.
 18643 | IceCv    | Entered an ice cave
 18842 | IceCv    | Killed a reaper
 19810 | Lair:6   | Found a viscous altar of Jiyva.
 19811 | Lair:6   | Found a staircase to the Slime Pits.
 20042 | Lair:6   | Reached skill level 10 in Fighting
 21693 | Lair:6   | Reached XP level 15. HP: 111/117 MP: 21/21
 22265 | Lair:6   | Got a vibrating bronze ring
 22267 | Lair:6   | Identified the ring "Jisulige" {rN+ Dex+3 SInv} (You found it on level 6 of the Lair of Beasts)
 22365 | Lair:6   | Paralysed by a hornet for 3 turns
 22515 | Lair:6   | Found a runed door.
 23065 | D:12     | Found a staircase to the Orcish Mines.
 23832 | D:12     | Killed by mirror damage

Vault maps used:
D:1:      dpeg_arrival_another_circle
D:3:      vehumet_crystals, chequers_ecumenical_altar_simple_redux,
          portal_sewer_entry_e, uniq_ijyb, uniq_terence, uniq_grinder,
          uniq_natasha
D:4:      makhleb_grotto_becter, serial_shops, shop, uniq_eustachio, uniq_robin
D:5:      minmay_temple_entry_crystal_x, first_ration, lemuel_angel_altar
D:6:      uniq_edmund
D:7:      serial_shops, kennysheep_mini, uniq_prince_ribbit1
D:8:      amethyst_overflow_temple_binary, serial_shops, shop,
          nicolae_ossuary_entry_ruins
D:9:      dpeg_lair_monsters, hangedman_ranch, minmay_misc_feat_plants
D:11:     basic_altar, grunt_dithmenos_shadows
D:12:     hangedman_cross_veins, zombieorc2_lemuel
Lair:1:   uniq_fannar
Lair:2:   statuecave_lemuel
Lair:4:   minmay_shoals_entry_hut, minmay_snake_entry_guardpost_medium,
          enter_volcano_2, minmay_lair_oklob_chamber, infiniplex_staircase_pool,
          serial_bayou_shore_b, serial_bayou_shore_b, serial_bayou_shore_b,
          uniq_kirke, uniq_josephine
Lair:6:   wormcave, hangedman_lair_in_review, slime_altar_1,
          portal_ice_cave_entry_pillars_1
Sewer:    sewer_minmay_w
Ossuary:  ossuary_boxes_badplayer
IceCv:    ice_cave_small_demon
Volcano:  volcano_tomb

Skill      XL: |  1  2  3  4  5  6  7  8  9 10 11 12 13 14 15 |
---------------+----------------------------------------------+-----
Polearms       | 5 6 7 9 10 11 14 | 14.0
Armour         | 1 2 3 4 5 7 8 |  8.4
Fighting       | 4 5 6 8 10 11 | 11.8
Dodging        | 5 7 8 10 13 14 | 14.0
Shields        | 4 10 13 15 | 15.0
Evocations     | 3 8 |  8.0
Throwing       | |  2.0

Action                   |  1- 3 |  4- 6 |  7- 9 | 10-12 | 13-15 || total
-------------------------+-------+-------+-------+-------+-------++-------
Melee: Trident           |   127 |   146 |   652 |  1528 |  3294 ||  5747
       Tailslap          |       |    12 |       |       |    29 ||    41
 Abil: Stop Flying       |       |       |       |     1 |       ||     1
Evoke: Wand              |       |       |     9 |    11 |    18 ||    38
  Use: Potion            |       |     3 |     2 |     6 |    23 ||    34
       Scroll            |       |       |    10 |     9 |    10 ||    29
 Stab: Sleeping          |     3 |       |     2 |       |     1 ||     6
       Distracted        |       |       |     4 |     5 |    22 ||    31
       Paralysed         |       |       |       |     3 |       ||     3
       Confused          |       |       |       |       |     1 ||     1
       Petrified         |       |       |       |       |     7 ||     7
       Petrifying        |       |       |       |       |     4 ||     4
       Invisible         |       |       |       |       |     2 ||     2
  Eat: Chunk             |     1 |     3 |     2 |       |       ||     6
       Ration            |       |       |     6 |     7 |    10 ||    23
Armor: Leather armour    |    18 |    22 |    45 |       |       ||    85
       Scale mail        |       |       |    43 |   217 |   487 ||   747
       Skin              |       |       |       |       |    18 ||    18
Dodge: Dodged            |    58 |    90 |   228 |   384 |  1018 ||  1778
Block: Shield            |       |       |       |   490 |  1634 ||  2124

Table legend:
 A = Spawn XP
 B = Non-spawn XP
 C = Spawn XP percentage of total XP
 D = Spawn monster count
 E = Non-spawn monster count
 F = Spawn count percentage of total count
 G = Total turns spent on level
                    A         B        C        D         E        F      G
               +---------+---------+-------+---------+---------+-------+---------
         Total |       0 |  106543 |   0.0 |       0 |     689 |   0.0 | 23832
               +---------+---------+-------+---------+---------+-------+---------
           D:1 |       0 |      44 |   0.0 |       0 |      27 |   0.0 |   784
           D:2 |       0 |      34 |   0.0 |       0 |      11 |   0.0 |   907
           D:3 |       0 |     547 |   0.0 |       0 |      28 |   0.0 |   822
           D:4 |       0 |     894 |   0.0 |       0 |      29 |   0.0 |  1163
           D:5 |       0 |     544 |   0.0 |       0 |      24 |   0.0 |   909
           D:6 |       0 |     843 |   0.0 |       0 |      29 |   0.0 |  1200
           D:7 |       0 |    1332 |   0.0 |       0 |      21 |   0.0 |   837
           D:8 |       0 |    3128 |   0.0 |       0 |      44 |   0.0 |  1215
           D:9 |       0 |    6942 |   0.0 |       0 |      34 |   0.0 |  1105
          D:10 |       0 |    2224 |   0.0 |       0 |      21 |   0.0 |   622
          D:11 |       0 |    5315 |   0.0 |       0 |      50 |   0.0 |  1054
          D:12 |       0 |    8916 |   0.0 |       0 |      63 |   0.0 |   789
        Lair:1 |       0 |    3981 |   0.0 |       0 |      13 |   0.0 |  1075
        Lair:2 |       0 |    3018 |   0.0 |       0 |      12 |   0.0 |  1185
        Lair:3 |       0 |    4433 |   0.0 |       0 |      19 |   0.0 |   788
        Lair:4 |       0 |   16264 |   0.0 |       0 |      48 |   0.0 |  2231
        Lair:5 |       0 |    6091 |   0.0 |       0 |      16 |   0.0 |  1015
        Lair:6 |       0 |   33998 |   0.0 |       0 |      79 |   0.0 |  3427
         Sewer |       0 |     337 |   0.0 |       0 |      48 |   0.0 |   616
       Ossuary |       0 |     407 |   0.0 |       0 |      37 |   0.0 |   493
         IceCv |       0 |    3352 |   0.0 |       0 |      24 |   0.0 |   845
       Volcano |       0 |    3899 |   0.0 |       0 |      12 |   0.0 |   750
               +---------+---------+-------+---------+---------+-------+---------
